Map: 2000 Atmospheres LE

Players

MaxPax - Winner!

  • Race: Protoss Protoss
  • League: Grandmaster

PtitDrogo

  • Race: Protoss Protoss
  • League: Grandmaster

Event: DreamHack SC2 Masters 2021 Summer

VOD

Have the link to the VOD?

Description

Time

  • Played on: June 3, 2021, 1:13 p.m.
  • Length: 12:18

All games in this series

Show
View Real Time Build Order
Export as new Build Order

MaxPax Protoss - Winner!

Build Orders: 1 Gate Expand, Oracle Opening 

Get SALT Encoding   

  12  0:00  Probe  
  13  0:12  Probe  
  14  0:19  Pylon  
  14  0:24  Probe  
  15  0:37  Probe (Chrono Boost)  
  15  0:39  Gateway  
  16  0:48  Probe (Chrono Boost), Assimilator  
  17  0:53  Probe (Chrono Boost)  
  18  1:03  Probe  
  19  1:15  Probe  
  20  1:22  Nexus  
  20  1:31  Cybernetics Core  
  20  1:37  Zealot  
  22  1:44  Probe  
  23  1:48  Pylon  
  23  1:54  Assimilator  
  23  2:06  Probe  
  23  2:07  Stalker (Chrono Boost)  
  26  2:19  Probe  
  27  2:26  Warp Gate  
  27  2:31  Probe, Stalker (Chrono Boost)  
  27  2:34  Probe  
  31  2:43  Probe  
  32  2:46  Probe  
  33  2:55  Probe, Stargate  
  33  2:57  Shield Battery  
  33  2:58  Probe  
  33  3:04  Shield Battery  
  34  3:07  Probe  
  34  3:10  Probe  
  36  3:18  Stalker  
  38  3:21  Probe  
  38  3:25  Probe (Chrono Boost)  
  40  3:37  Probe (Chrono Boost), Oracle (Chrono Boost)  
  40  3:38  Probe (Chrono Boost)  
  44  3:46  Probe (Chrono Boost)  
  44  3:47  Probe (Chrono Boost)  
  45  3:53  Twilight Council  
  45  3:55  Probe (Chrono Boost)  
  46  3:56  Pylon  
  46  4:03  Pylon  
  46  4:13  Gateway  
  46  4:14  Probe (Chrono Boost)  
  46  4:16  Stalker  
  50  4:18  Probe (Chrono Boost)  
  50  4:23  Forge  
  51  4:25  Probe (Chrono Boost)  
  51  4:27  Blink (Chrono Boost)  
  51  4:29  Probe (Chrono Boost)  
  51  4:30  Probe (Chrono Boost)  
  52  4:38  Probe  
  54  4:40  Probe  
  54  4:41  Gateway  
  55  4:47  Pylon  
  55  4:50  Probe, Protoss Ground Weapons Level 1 (Chrono Boost)  
  56  4:54  Probe  
  56  4:56  Gateway  
  56  4:59  Assimilator  
  57  5:03  Pylon  
  57  5:05  Stalker  
  61  5:19  Stalker  
  61  5:25  Probe x2  
  63  5:30  Stalker  
  63  5:31  Nexus  
  65  5:36  Stalker  
  65  5:39  Photon Cannon  
  65  5:41  Probe  
  68  5:43  Probe  
  69  5:52  Stalker  
  69  5:53  Stalker  
  69  5:54  Stalker  
  69  5:56  Probe x2  
  77  6:02  Pylon  
  77  6:08  Probe  
  78  6:19  Gateway  
  78  6:20  Probe x2, Gateway  
  78  6:22  Stalker  
  78  6:23  Stalker  
  82  6:32  Probe, Photon Cannon  
  83  6:37  Probe  
  84  6:40  Protoss Ground Weapons Level 2 (Chrono Boost)  
  84  6:43  Probe  
  83  6:53  Charge (Chrono Boost)  
  83  6:54  Stalker x4  
  87  7:00  Probe x2, Gateway  
  91  7:04  Assimilator  
  91  7:10  Probe  
  91  7:12  Pylon  
  91  7:14  Zealot  
  94  7:17  Pylon  
  94  7:27  Zealot x3  
  100  7:30  Pylon  
  100  7:36  Robotics Facility  
  100  7:52  Zealot x6  
  106  8:09  Nexus  
  106  8:11  Pylon  
  106  8:13  Zealot x7  
  106  8:16  Pylon  
  106  8:18  Templar Archives  
  120  8:21  Warp Prism (Chrono Boost)  
  120  8:32  Pylon  
  120  8:34  Gateway  
  120  8:36  Zealot x2, Sentry  
  120  8:37  Zealot x2  
  130  8:54  Zealot x2  
  114  9:07  Zealot x5  
  96  9:19  Probe  
  89  9:26  Zealot, Stalker  
  89  9:27  Zealot x3  
  89  9:28  Zealot x2  
  89  9:31  Stalker  
  99  9:34  Probe x2  
  99  9:35  Probe  
  99  9:36  Pylon  
  99  9:39  Gateway  
  99  9:41  Pylon  
  93  9:51  High Templar x5  
  93  9:52  High Templar  
  107  9:53  Zealot  
  107  9:55  Archon x3  
  107  9:56  Protoss Shields Level 1 (Chrono Boost)  
  107  9:58  Zealot  
  109  10:03  Gateway  
  102  10:09  Observer (Chrono Boost)  
  102  10:11  Photon Cannon  
  101  10:19  Probe  
  102  10:26  Photon Cannon, High Templar x3  
  102  10:27  High Templar  
  102  10:28  Zealot x4  
  118  10:30  Pylon  
  118  10:32  Archon x2  
  118  10:34  Photon Cannon  
  118  10:37  Observer (Chrono Boost), Pylon  
  109  10:59  Zealot x2  
  109  11:00  Zealot x8  
  112  11:19  Oracle (Chrono Boost)  
  97  11:25  Zealot x3  
  97  11:26  Zealot  
  103  11:36  Zealot x4  
  81  11:53  Zealot x2  
  81  11:54  Zealot x3  
  75  12:14  Zealot  
  67  12:15  Zealot  
Show
View Real Time Build Order
Export as new Build Order

PtitDrogo Protoss 

Build Orders: Blink Stalkers 

Get SALT Encoding   

  12  0:00  Probe  
  13  0:12  Probe  
  14  0:17  Pylon  
  14  0:24  Probe (Chrono Boost)  
  15  0:36  Gateway  
  15  0:37  Probe (Chrono Boost)  
  16  0:44  Probe (Chrono Boost)  
  16  0:46  Assimilator  
  17  0:51  Probe  
  17  0:54  Assimilator  
  18  1:03  Probe (Chrono Boost)  
  19  1:07  Gateway  
  19  1:13  Probe (Chrono Boost)  
  19  1:18  Probe (Chrono Boost)  
  20  1:23  Cybernetics Core  
  21  1:29  Probe  
  22  1:38  Pylon  
  22  1:41  Probe  
  23  2:00  Stalker x2  
  27  2:02  Warp Gate  
  27  2:04  Pylon  
  27  2:05  Probe  
  28  2:37  Probe (Chrono Boost)  
  29  2:39  Nexus  
  28  2:49  Probe (Chrono Boost)  
  29  2:54  Probe (Chrono Boost)  
  29  2:56  Twilight Council  
  29  2:58  Sentry x2  
  34  3:03  Probe  
  35  3:09  Pylon  
  35  3:15  Probe (Chrono Boost)  
  36  3:26  Probe (Chrono Boost)  
  37  3:29  Shield Battery  
  37  3:31  Probe (Chrono Boost)  
  37  3:32  Shield Battery  
  37  3:33  Blink (Chrono Boost)  
  38  3:42  Probe (Chrono Boost)  
  39  3:52  Stalker  
  39  3:53  Probe (Chrono Boost)  
  43  3:57  Stalker  
  43  3:59  Probe (Chrono Boost)  
  45  4:03  Probe (Chrono Boost)  
  45  4:06  Probe (Chrono Boost)  
  47  4:10  Probe  
  48  4:18  Probe  
  48  4:22  Probe  
  50  4:27  Stalker  
  50  4:29  Stalker, Forge  
  50  4:30  Probe  
  55  4:34  Probe  
  56  4:41  Gateway  
  56  4:42  Probe  
  56  4:43  Gateway  
  57  4:46  Probe  
  57  4:47  Assimilator  
  58  4:53  Robotics Facility  
  58  4:54  Probe  
  58  4:55  Protoss Ground Weapons Level 1 (Chrono Boost)  
  60  5:06  Pylon  
  61  5:10  Nexus  
  61  5:13  Probe  
  61  5:14  Probe  
  61  5:19  Pylon  
  61  5:25  Probe, Stalker, Sentry  
  61  5:26  Probe  
  67  5:37  Probe  
  67  5:38  Probe  
  69  5:42  Pylon  
  69  5:44  Observer  
  69  5:47  Pylon  
  69  5:48  Charge, Pylon  
  70  5:55  Shield Battery  
  70  6:00  Stalker x2  
  70  6:01  Stalker  
  70  6:02  Stalker  
  78  6:05  Probe  
  78  6:06  Probe  
  80  6:15  Warp Prism  
  80  6:17  Probe  
  83  6:18  Probe  
  84  6:26  Stalker x2  
  84  6:30  Stalker  
  84  6:31  Stalker  
  90  6:35  Probe  
  91  6:51  Stalker x2  
  91  6:52  Probe  
  91  6:53  Probe x2, Protoss Ground Weapons Level 2 (Chrono Boost)  
  92  7:04  Probe, Gateway x2  
  92  7:05  Probe  
  92  7:06  Probe  
  92  7:07  Gateway  
  95  7:12  Gateway  
  95  7:15  Zealot x3, Assimilator  
  95  7:16  Probe  
  95  7:18  Probe  
  101  7:32  Probe, Zealot  
  101  7:34  Pylon  
  104  7:41  Gateway  
  104  7:42  Templar Archives, Gateway  
  104  7:45  Pylon  
  104  7:50  Probe  
  99  7:52  Zealot x2, Pylon  
  92  7:58  Zealot  
  92  7:59  Stalker  
  92  8:04  Stalker  
  98  8:09  Warp Prism (Chrono Boost)  
  98  8:10  Nexus  
  96  8:15  Dark Shrine  
  96  8:27  Zealot x5  
  106  8:35  Pylon  
  106  8:37  High Templar x2, Zealot  
  106  8:39  Pylon  
  112  8:42  Archon  
  112  8:49  Zealot  
  112  8:50  Zealot x4  
  112  8:55  Zealot x2  
  100  9:05  Zealot  
  100  9:09  Zealot x3  
  86  9:10  Zealot x4  
  86  9:13  Observer  
  86  9:17  Stalker x2  
  84  9:21  Probe  
  85  9:28  Dark Templar  
  81  9:32  Zealot x7  
  95  9:45  Dark Templar x2  
  97  9:49  Probe x3  
  97  9:50  Warp Prism (Chrono Boost)  
  97  9:51  Photon Cannon  
  98  10:11  Zealot x7  
  112  10:17  Archon  
  112  10:23  Zealot x3  
  118  10:29  Pylon  
  118  10:32  High Templar x2  
  118  10:33  Zealot x5  
  132  10:36  Archon  
  132  10:42  Pylon  
  132  10:46  Zealot x3  
  138  10:55  Zealot x5  
  148  11:01  Probe  
  148  11:02  Probe  
  144  11:05  Dark Templar  
  144  11:06  Zealot x3, Dark Templar  
  144  11:09  Probe  
  144  11:11  Probe  
  154  11:17  Archon  
  148  11:19  Dark Templar x2  
  148  11:22  Dark Templar  
  105  11:40  Zealot x2  
  105  11:41  Zealot  
  75  11:57  Zealot  
  67  12:04  Archon  
Tags
 
Add a new tag
Caveats
  • Supply blocks, unpowered buildings, or Contaminate may cause inaccurate times.
  • Supply counts are checked every 10 seconds.